 Dungeon Crawl Stone Soup version 0.30-a0-629-gd54f4be4f7 (webtiles) character file.

Game seed: 17129341143309744276

4088 kae the Transmogrifier (level 10, -2/78 HPs)
             Began as a Demonspawn Transmuter on Jan 12, 2023.
             Was an Initiate of Ru.
             Slain by a steam dragon (8 damage)
             ... on level 8 of the Dungeon.
             The game lasted 00:08:26 (9063 turns).

kae the Transmogrifier (Demonspawn Transmuter)      Turns: 9063, Time: 00:08:26

Health: -2/78      AC:  8    Str: 11    XL:     10   Next: 5%
Magic:  15/18      EV: 10    Int: 19    God:    Ru [......]
Gold:   365        SH:  5    Dex: 13    Spells: 10/20 levels left

rFire   x . .      SeeInvis +      - Unarmed
rCold   + + +      Faith    .    (shield currently unavailable)
rNeg    . . .      Spirit   .    (body armour currently unavailable)
rPois   +          Reflect  +    (helmet currently unavailable)
rElec   .          Harm     .    (cloak currently unavailable)
rCorr   .          Rampage  .    (gloves currently unavailable)
Will    +....                    (boots currently unavailable)
Stlth   +                        C - amulet of reflection
HPRegen 0.33/turn                h - ring of willpower
MPRegen 0.16/turn                v - ring of see invisible

@: mighty, ice-form, wereblooded
A: freezing attack, amphibious, boosted hp, large, (hooves 2), (molten scales
2), ignite blood 3, powered by pain 2
a: End Transformation, Renounce Religion, Sacrifice an Eye, Sacrifice Artifice,
Sacrifice Words, Reject Sacrifices


You were on level 8 of the Dungeon.
You worshipped Ru.
Ru was noncommittal.
You were a creature of crystalline ice.
You visited 2 branches of the dungeon, and saw 9 of its levels.

You collected 365 gold pieces.


Innate Abilities, Weirdness & Mutations

You are a creature of crystalline ice.
You have a powerful freezing melee attack.
You are amphibious.
Your maximum health is increased.
Your armour is entirely melded.
You are incapable of wielding weapons or throwing items.
((You have hoof-like feet.))
((You are mostly covered in molten scales. (AC +3)))
Your demonic aura causes all spilled blood to erupt in flames.
You sometimes gain power by taking damage.


   Skills:
 - Level 1.0 Fighting
 - Level 1.7 Dodging
 + Level 6.4 Unarmed Combat
 + Level 5.9 Spellcasting
 * Level 8.4 Transmutations
 * Level 6.3 Ice Magic
 - Level 1.6 Poison Magic


You had 10 spell levels left.
You knew the following spells:

 Your Spells              Type           Power      Damage    Failure   Level
a - Beastly Appendage     Tmut           74%        N/A       1%          1
b - Wereblood             Tmut           37%        N/A       1%          2
c - Spider Form           Tmut/Pois      24%        N/A       4%          3
d - Ice Form              Ice/Tmut       33%        N/A       5%          4

Your spell library contained the following spells:

 Spells                   Type           Power      Damage    Failure   Level
 Ensorcelled Hibernation  Hex/Ice        34%        N/A       4%          2
 Anguish                  Hex/Necr       2%         N/A       75%         4

Inventory:

Missiles
 d - 83 stones
 m - 2 poisoned darts
 o - 3 boomerangs
 y - a curare-tipped dart {=f}
Armour
 a - a +0 robe (melded)
 c - a +0 pair of gloves (melded)
   (You found it on level 1 of the Dungeon)
 g - a +0 cloak (melded)
   (You found it on level 1 of the Dungeon)
Jewellery
 h - a ring of willpower (left front paw)
   (You found it on level 1 of the Dungeon)
 v - a ring of see invisible (right front paw)
   (You found it on level 5 of the Dungeon)
 C - an amulet of reflection (around neck)
   (You took it off an orc on level 7 of the Dungeon)
Wands
 p - a wand of polymorph (11)
   (You found it on level 5 of the Dungeon)
 x - a wand of flame (19)
   (You found it on level 6 of the Dungeon)
 F - a wand of charming (12)
   (You found it on level 7 of the Dungeon)
Scrolls
 f - 2 scrolls of teleportation {@r4}
 k - a scroll of torment {!r}
 n - a scroll of fear
 q - a scroll of blinking {!r}
 s - a scroll of magic mapping {!r}
 t - a scroll of fog
 u - 2 scrolls of poison {!r}
 w - a scroll of summoning
 z - a scroll of acquirement {unknown}
 B - a scroll of enchant armour {unknown}
Potions
 b - 3 potions of lignification {!q}
 e - 5 potions of heal wounds {unknown}
 i - 3 potions of degeneration {unknown}
 j - 3 potions of ambrosia
 l - 4 potions of brilliance
 r - 3 potions of mutation {unknown}
 A - a potion of attraction {unknown}
 D - a potion of haste {@q3}
 G - a potion of flight

Dungeon Overview and Level Annotations

Branches:
Dungeon (8/15) Zot: 26641  Temple (1/1) D:4 Zot: 5777
   Lair: D:8-11

Altars:
Ashenzari
Cheibriados
Dithmenos
Fedhas
Gozag
Kikubaaqudgha
Makhleb
Nemelex Xobeh
Okawaru
Qazlal
Ru
Sif Muna
Trog
Uskayaw
Vehumet
Wu Jian
Xom
Yredelemnul

Shops:
D:4 ?

Annotations:
D:4 3 runed translucent doors, eyesofgods1's ghost, amateur DsCj
D:5 1 runed translucent door, Domino's ghost, amateur MiBe
D:8 Grum

.. ..+ ... ...# ..
..##+##..# ...
#....#..##(..
#....#.......
#....#..... #?...#..#
+....Y..## #...D#...#
#....#...# #
#....#...# #
#....#...# # #######
#....#...# #
#.....####....#...# #
#.....#.<######...#
###.....#..........##


You could see a steam dragon.


Message History

Found a stone staircase leading up.
B - a scroll labelled YXOSUCS ADOE Grum and 2 wolves come into view.
Grum growls angrily.
The wolf howls! x2; You hear a howl!
You hear a shout!
A wolf comes into view. x2
The wolf moves out of view.
Unknown command.
Unknown command.
The wolf attacks as you move away! The wolf closely misses you.
The wolf completely misses you.
Casting: Ice Form (dangerous; 5% risk of failure)
Confirm with . or Enter, or press ? or * to list all spells.
You turn into a creature of crystalline ice.
Your +0 cloak melds into your body.
Your +0 pair of gloves melds into your body.
Your +0 robe melds into your body.
The wolf closely misses you. The wolf bites you.
The wolf bites you but does no damage. 😕 HP[+7] MP[-4]
You now have 78 max hp (+13).
You regained 7 hp, and now have 72/78 hp.
You lost 4 mp, and now have 14/18 mp.
Casting: Ice Form (dangerous; 5% risk of failure)
Confirm with . or Enter, or press ? or * to list all spells.
Your blood is infused with primal strength.
The wolf barely misses you. The wolf bites you but does no damage.
The wolf barely misses you. 😕 HP[+1] MP[-2]
You lost 2 mp, and now have 12/18 mp.
You closely miss the wolf. The wolf barely misses you. The wolf bites you!
The wolf misses you.
You closely miss the wolf. You block the wolf's attack. The wolf bites you.
The wolf closely misses you. 😕 HP[-14] MP[+1]
You take 14 damage, and now have 59/78 hp.
You hit the wolf. You freeze the wolf. The wolf bites you but does no damage.
The wolf bites you. x2
You hit the wolf but do no damage. The wolf barely misses you.
The wolf bites you. The wolf bites you but does no damage.
Grum grunts, "Me and Rover will play fetch with your bones!" 😮 HP[-7]
You take 7 damage, and now have 52/78 hp.
You are too injured to fight recklessly!
You are too injured to fight recklessly!
The wolf howls!
You hit the wolf. You freeze the wolf. The wolf bites you! The wolf bites you.
* * * LOW HITPOINT WARNING * * *
The wolf closely misses you. 😨 HP[-14]
You take 14 damage, and now have 38/78 hp.
You are too injured to fight recklessly!
You are too injured to fight recklessly!
You barely miss the wolf. The wolf bites you.
* * * LOW HITPOINT WARNING * * *
The wolf bites you.
* * * LOW HITPOINT WARNING * * *
The wolf barely misses you. 😨 HP[-8]
You take 8 damage, and now have 30/78 hp.
Unknown command.
You hit the wolf but do no damage. The wolf closely misses you.
The wolf bites you.
* * * LOW HITPOINT WARNING * * *
The wolf bites you but does no damage. The wolf bites you.
* * * LOW HITPOINT WARNING * * *
😨 HP[-9]
You take 9 damage, and now have 21/78 hp.
As you read the scroll of teleportation {@r4}, it crumbles to dust.
You feel strangely unstable. Grum misses you. The wolf closely misses you.
The wolf bites you but does no damage. 😨 MP[+1]
The wolf attacks as you move away! The wolf bites you!
* * * LOW HITPOINT WARNING * * *
You focus on the pain.
You feel very mighty all of a sudden. You block the wolf's attack.
The wolf barely misses you. x2 😱 HP[-8]
You take 8 damage, and now have 13/78 hp.
Unknown command.
Grum points his finger and barks, "Attack!"
The wolf bites you!
* * * LOW HITPOINT WARNING * * *
The wolf bites you.
* * * LOW HITPOINT WARNING * * *
😱 HP[-9]
You take 9 damage, and now have 4/78 hp.
Unknown command.
The wolf attacks as you move away! The wolf bites you but does no damage.
The wolf attacks as you move away! The wolf barely misses you.
Your surroundings suddenly seem different.
Unknown command. 😱 HP[+1]
You open the door.
A steam dragon comes into view.
The steam dragon hisses angrily.
There is an open door here. 😱 HP[+1] MP[+1]
The steam dragon attacks as you move away!
The steam dragon bites you!
You die...

Skill      XL: |  1  2  3  4  5  6  7  8  9 |
---------------+----------------------------+-----
Transmutations | 2 3 5 7 8 |  8.4
Unarmed Combat | 3 4 5 6 |  6.4
Poison Magic   | 1 |  1.6
Spellcasting   | 4 5 |  5.9
Ice Magic      | 2 4 6 |  6.3
Fighting       | |  1.0
Dodging        | |  1.7

Action                   |  1- 3 |  4- 6 |  7- 9 | 10-12 || total
-------------------------+-------+-------+-------+-------++-------
Melee: Unarmed           |   104 |   122 |   253 |    11 ||   490
       Kick              |    24 |    10 |     3 |       ||    37
       Headbutt          |    19 |     6 |       |       ||    25
       Punch             |     1 |       |     1 |       ||     2
 Cast: Beastly Appendage |    26 |    13 |       |       ||    39
       Spider Form       |     1 |     7 |    14 |       ||    22
       Wereblood         |       |     1 |     7 |     1 ||     9
       Ice Form          |       |     1 |    22 |     2 ||    25
  Use: Scroll            |     2 |     3 |    11 |     1 ||    17
       Potion            |       |       |     1 |       ||     1
 Stab: Sleeping          |       |       |     1 |       ||     1
Armor: Skin              |     2 |     2 |    62 |     7 ||    73
       Robe              |    20 |    13 |     2 |       ||    35
Dodge: Dodged            |    56 |    81 |   141 |    17 ||   295
Block: Other             |       |       |     3 |     3 ||     6

Levels and vault maps discovered:
D:1:      arrival_aquarium_b, layout_basic
D:2:      layout_basic
D:3:      layout_loops_ring, gammafunk_temple_overflow_statue,
          kennysheep_flooded_box, kennysheep_potato, uniq_jessica
D:4:      layout_cave_pools, minmay_temple_entry_junction,
          gammafunk_ghost_split, corexii_checkpoint_b,
          nicolae_nh_oracle_at_delphi, uniq_pikel
D:5:      layout_basic, ebering_ghost_sewer_d, grunt_decor_mini_mirrors,
          uniq_sigmund, uniq_grinder, uniq_duvessa
D:6:      layout_cave_pods
D:7:      layout_basic, nicolae_tso_besieged_by_evil
D:8:      layout_gridville, amcnicky_altar_gilded, chequers_garden, uniq_grum
Temple:   nicolae_temple_bog_church

Notes
Turn   | Place    | Note
-------+----------+-------------------------------------------
     0 | D:1      | kae the Demonspawn Transmuter began the quest for the Orb.
     0 | D:1      | Reached XP level 1. HP: 15/15 MP: 3/3
     0 | D:1      | magus.rc [v1.11.3]
     5 | D:1      | Noticed an electric eel
     5 | D:1      | Noticed an electric eel
   126 | D:1      | Reached skill level 2 in Transmutations
   192 | D:1      | Gained mutation: You sometimes gain a little power by
                  | taking damage. [demonic ancestry]
   192 | D:1      | Reached XP level 2. HP: 15/21 MP: 3/5
   660 | D:1      | Learned a level 2 spell: Wereblood
   882 | D:2      | Reached skill level 3 in Unarmed Combat
   882 | D:2      | Lost mutation: You have razor-sharp toenails. [demonic
                  | ancestry]
   882 | D:2      | Lost mutation: You have sharp toenails. [demonic ancestry]
   882 | D:2      | Gained mutation: You have large cloven feet. [demonic
                  | ancestry]
   882 | D:2      | Reached XP level 3. HP: 14/26 MP: 3/6
   891 | D:2      | Learned a level 3 spell: Spider Form
  1534 | D:2      | Reached skill level 1 in Poison Magic
  1845 | D:2      | Gained mutation: Your demonic aura sometimes causes spilled
                  | blood to erupt in flames. [demonic ancestry]
  1845 | D:2      | Reached XP level 4. HP: 32/32 MP: 5/7
  1953 | D:3      | Reached skill level 3 in Transmutations
  2539 | D:3      | Gained mutation: You sometimes gain power by taking damage.
                  | [demonic ancestry]
  2539 | D:3      | Reached XP level 5. HP: 37/37 MP: 7/9
  2589 | D:3      | Noticed Jessica
  2598 | D:3      | Killed Jessica
  2695 | D:3      | Reached skill level 3 in Spellcasting
  2839 | D:3      | Found a hide-covered altar of Uskayaw.
  2840 | D:3      | Found a snail-covered altar of Cheibriados.
  3072 | D:4      | Noticed a lemure
  3073 | D:4      | Noticed a lemure
  3073 | D:4      | Noticed a lemure
  3074 | D:4      | Noticed Pikel
  3078 | D:4      | Noticed a lemure
  3084 | D:4      | Killed a lemure
  3093 | D:4      | Killed a lemure
  3100 | D:4      | Killed a lemure
  3115 | D:3      | HP: 7/37 [lemure[Pikel] (9)]
  3116 | D:3      | Killed a lemure
  3236 | D:3      | Learned a level 4 spell: Ice Form
  3300 | D:4      | HP: 10/44 [Pikel/+2 whip of flaming (3)]
  3303 | D:4      | HP: 4/44 [Pikel/+2 whip of flaming (4)]
  3304 | D:4      | Killed Pikel
  3305 | D:4      | Reached skill level 4 in Unarmed Combat
  3305 | D:4      | Reached skill level 4 in Spellcasting
  3305 | D:4      | Reached skill level 5 in Transmutations
  3305 | D:4      | Gained mutation: Your demonic aura often causes spilled
                  | blood to erupt in flames. [demonic ancestry]
  3305 | D:4      | Reached XP level 6. HP: 3/43 MP: 4/12
  3305 | D:4      | Gained mutation: Your demonic aura causes all spilled blood
                  | to erupt in flames. [demonic ancestry]
  3305 | D:4      | Reached XP level 7. HP: 4/48 MP: 4/13
  3690 | D:4      | Found a staircase to the Ecumenical Temple.
  3700 | Temple   | Entered the Ecumenical Temple
  3896 | Temple   | Became a worshipper of Ru the Awakened
  3994 | D:4      | Found a runed translucent gate.
  3994 | D:4      | Found a runed translucent gate.
  3994 | D:4      | Found a runed translucent gate.
  3996 | D:4      | Noticed eyesofgods1's ghost (amateur DsCj)
  4032 | D:4      | Reached skill level 1 in Ice Magic
  4174 | D:4      | Found The Oracle's Delphic Readings.
  4187 | D:4      | You pick up a book of Dreams and begin reading...
  4187 | D:4      | You add the spells Ensorcelled Hibernation and Anguish to
                  | your library.
  4454 | D:5      | Entered Level 5 of the Dungeon
  4734 | D:5      | Reached skill level 2 in Ice Magic
  4737 | D:5      | Gained mutation: You have hoof-like feet. [demonic
                  | ancestry]
  4737 | D:5      | Reached XP level 8. HP: 43/54 MP: 11/14
  4850 | D:5      | Noticed Dowan
  4851 | D:5      | Noticed Duvessa
  4861 | D:5      | Killed Duvessa
  4862 | D:5      | Reached skill level 6 in Transmutations
  4863 | D:5      | Killed Dowan
  5112 | D:5      | Reached skill level 5 in Unarmed Combat
  5160 | D:5      | Noticed Sigmund
  5165 | D:5      | Noticed Grinder
  5167 | D:5      | Killed Sigmund
  5168 | D:5      | Reached skill level 3 in Ice Magic
  5171 | D:5      | Paralysed by Grinder for 2 turns
  5176 | D:5      | Killed Grinder
  5345 | D:5      | Found a runed translucent door.
  5349 | D:5      | Noticed Domino's ghost (amateur MiBe)
  5770 | D:6      | Reached skill level 4 in Ice Magic
  5774 | D:6      | Reached skill level 5 in Spellcasting
  5780 | D:6      | Reached skill level 7 in Transmutations
  6315 | D:6      | Gained mutation: You are partially covered in molten
                  | scales. (AC +2) [demonic ancestry]
  6315 | D:6      | Reached XP level 9. HP: 59/59 MP: 11/16
  7278 | D:7      | Reached skill level 5 in Ice Magic
  7600 | D:7      | You pick up a book of Changes and begin reading...
  7951 | D:7      | HP: 14/70 [centaur/arrow (7)]
  7956 | D:7      | Reached skill level 6 in Unarmed Combat
  8584 | D:7      | Reached skill level 8 in Transmutations
  8821 | D:8      | Reached skill level 6 in Ice Magic
  8828 | D:8      | Gained mutation: You are mostly covered in molten scales.
                  | (AC +3) [demonic ancestry]
  8828 | D:8      | Reached XP level 10. HP: 44/65 MP: 13/18
  9035 | D:8      | Noticed Grum
  9056 | D:8      | HP: 12/78 [wolf[Grum] (9)]
  9057 | D:8      | HP: 4/78 [wolf[Grum] (2)]
  9063 | D:8      | Slain by a steam dragon

Vanquished Creatures
  Pikel (D:4)
  A hornet (D:7)
  Grinder (D:5)
  Sigmund (D:5)
  3 yaks (D:8)
  Duvessa (D:5)
  A black bear (D:8)
  An orc warrior (D:7)
  A sky beast (D:7)
  An ice beast (D:6)
  An ogre (D:6)
  2 centaurs
  2 phantoms
  4 lemures
  A kobold brigand (D:6)
  A gnoll sergeant (D:6)
  4 scorpions
  3 wights (D:8)
  Dowan (D:5)
  3 howler monkeys (D:8)
  2 hounds
  5 jellies
  7 orc priests
  2 gnoll boudas
  Jessica (D:3)
  An iguana (D:6)
  9 orc wizards
  13 gnolls
  7 adders
  3 shadow imps
  A white imp (D:7)
  2 ufetubi
  2 worms
  3 dart slugs (D:2)
  18 orcs
  5 bats
  9 endoplasms
  4 giant cockroaches
  11 goblins
  4 hobgoblins
  4 jackals (D:1)
  5 ball pythons
  7 frilled lizards
  11 kobolds
  2 kobold zombies (D:7)
  3 orc skeletons (D:7)
  An orc zombie (D:7)
  6 rats
182 creatures vanquished.

Table legend:
 A = Non-vault XP
 B = Vault XP
 C = Vault XP percentage of total XP
 D = Non-vault monster count
 E = Vault monster count
 F = Vault count percentage of total count
                 A         B        C        D         E       F
            +---------+---------+-------+---------+---------+-------
      Total |    4392 |    1449 |  24.8 |     160 |      18 |  10.1
            +---------+---------+-------+---------+---------+-------
        D:1 |      26 |       0 |   0.0 |      16 |       0 |   0.0
        D:2 |      72 |       0 |   0.0 |      23 |       0 |   0.0
        D:3 |     159 |      39 |  19.7 |      26 |       2 |   7.1
        D:4 |     285 |     704 |  71.2 |      14 |       5 |  26.3
        D:5 |     401 |     690 |  63.2 |      16 |       4 |  20.0
        D:6 |    1218 |       0 |   0.0 |      35 |       0 |   0.0
        D:7 |    1108 |      16 |   1.4 |      19 |       7 |  26.9
        D:8 |    1123 |       0 |   0.0 |      11 |       0 |   0.0
            +---------+---------+-------+---------+---------+-------

Illustrated notes

Table legend:
 A = Kills in this place as a percentage of kills in entire the game.
 B = Kills by you in this place as a percentage of kills by you in the entire game.
 C = Kills by friends in this place as a percentage of kills by friends in the entire game.
 D = Other kills in this place as a percentage of other kills in the entire game.
 E = Experience gained in this place as a percentage of experience gained in the entire game.
 F = Experience gained in this place divided by the number of levels of this place that you have seen.
                   A       B       C       D       E      F
               +-------+-------+-------+-------+-------+----------------------
         Total | 100.0 | 100.0 |   N/A |   N/A | 100.0 | 649.0
       Dungeon | 100.0 | 100.0 |   N/A |   N/A | 100.0 | 730.1
               +-------+-------+-------+-------+-------+----------------------

Table legend: (Time is in decaauts)
 A = Elapsed time spent in this place.
 B = Non-inter-level travel time spent in this place.
 C = Inter-level travel time spent in this place.
 D = Time resting spent in this place.
 E = Time spent auto-exploring this place.
 F = Levels seen in this place.
 G = Mean time per level.
                   A        B        C        D        E       F      G
               +--------+--------+--------+--------+--------+-----+--------+
         Total |   9034 |   8830 |    204 |    519 |   6977 |   9 | 1003.8 |
       Dungeon |   8812 |   8625 |    187 |    519 |   6805 |   8 | 1101.5 |
        Temple |    222 |    206 |     16 |      0 |    172 |   1 |  222.0 |
               +--------+--------+--------+--------+--------+-----+--------+

Top non-repeatable levels by time:
     D:7: 1516 daAuts
     D:6: 1504 daAuts
     D:2: 1295 daAuts
     D:5: 1207 daAuts
     D:3: 1119 daAuts
     D:4: 1087 daAuts
     D:1: 723 daAuts
     D:8: 358 daAuts
  Temple: 222 daAuts
